 Dungeon Crawl Stone Soup version 0.28-a0-1435-g82390b3a13 (webtiles) character file.

Game seed: 14174639841329662168

4489 gimp the Destroyer (level 10, 0/91 HPs)
             Began as a Tengu Wanderer on Jan 9, 2022.
             Was a Believer of Vehumet.
             Slain by an orc warrior (9 damage)
             ... on level 7 of the Dungeon.
             The game lasted 00:24:31 (8464 turns).

gimp the Destroyer (Tengu Wanderer)                 Turns: 8464, Time: 00:24:32

Health: 0/91       AC: 25    Str: 19    XL:     10   Next: 38%
Magic:  21/21      EV:  2    Int: 15    God:    Vehumet [**....]
Gold:   675        SH:  0    Dex:  9    Spells: 20/23 levels left

rFire   . . .      SeeInvis .   a - +3 dagger (elec)
rCold   . . .      Faith    +   (no shield)
rNeg    . . .      Spirit   .   (armour currently unavailable)
rPois   +          Reflect  .   (helmet currently unavailable)
rElec   .          Harm     .   (cloak currently unavailable)
rCorr   .          Rampage  .   (gloves currently unavailable)
Will    .....      Clarity  +   (boots unavailable)
Stlth   +......... NoTele   +   s - amulet of faith
HPRegen 0.25/turn               (no ring)
MPRegen 0.17/turn               (no ring)

@: confused, tree-form, ambrosia-drunk
A: stationary, stasis, torment immunity, boosted hp, (beak), (talons 3), nimble
flight, clarity, robust 1
a: Renounce Religion


You were on level 7 of the Dungeon.
You worshipped Vehumet.
Vehumet was pleased with you.
You were a tree.
You visited 2 branches of the dungeon, and saw 9 of its levels.
You also visited: Ossuary.

You collected 675 gold pieces.

Inventory:

Hand Weapons
 a - a +3 dagger of electrocution (weapon)
 b - a +0 hand crossbow
Missiles
 c - 86 bolts
 d - 35 poisoned darts
 v - a throwing net
Armour
 h - +0 steam dragon scales (melded)
 p - a +3 ring mail of poison resistance
 y - a +2 pair of gloves (melded)
Magical Staves
 x - a staff of earth
Jewellery
 s - an amulet of faith (around neck)
Wands
 w - a wand of paralysis (1)
Scrolls
 e - a scroll of fear
 i - a scroll of brand weapon
 m - 2 scrolls of fog
 q - 2 scrolls of identify
 r - a scroll of summoning
Potions
 f - 2 potions of curing {unknown}
 g - 2 potions of attraction {unknown}
 j - 2 potions of brilliance
 l - a potion of magic
 o - 4 potions of might
 t - a potion of mutation
Miscellaneous
 u - a phial of floods (inert)


   Skills:
 - Level 3.0 Fighting
 - Level 1.1 Crossbows
 - Level 4.3 Throwing
 - Level 6.0 Armour
 - Level 6.0 Dodging
 - Level 7.0 Spellcasting
 * Level 10.7 Conjurations
 - Level 4.0 Fire Magic
 - Level 4.0 Evocations


You had 20 spell levels left.
You knew the following spells:

 Your Spells              Type           Power      Damage    Failure   Level
a - Foxfire               Conj/Fire      100%       2x1d9     1%          1
b - Scorch                Fire           34%        2d7       3%          2

Your spell library contained the following spells:

 Spells                   Type           Power      Damage    Failure   Level
 Corpse Rot               Necr/Air       10%        N/A       21%         2
 Poisonous Vapours        Pois/Air       10%        N/A       21%         2


Dungeon Overview and Level Annotations

Branches:
Dungeon (8/15)             Temple (1/1) D:5         Ossuary (visited)
   Lair: D:8-11

Altars:
Ashenzari
Cheibriados
Dithmenos
Elyvilon
Fedhas
Gozag
Hepliaklqana
Kikubaaqudgha
Makhleb
Nemelex Xobeh
Okawaru
Qazlal
Ru
Sif Muna
Trog
Uskayaw
Vehumet
Wu Jian
Xom
Yredelemnul
Zin
The Shining One

Annotations:
D:4 Menkaure


Innate Abilities, Weirdness & Mutations

You are a tree.
Your roots penetrate the ground, keeping you stationary.
You cannot be teleported.
You are immune to unholy pain and torment.
Your maximum health is greatly increased.
Your equipment is partially melded.
((You have a beak for a mouth.))
((You have claws for feet.))
Your magical nature lets you fly swiftly and evasively.
You possess an exceptional clarity of mind.
You are robust. (+10% HP)


Message History

The orc warrior barely misses you.
Casting: Foxfire (safe; 1% risk of failure)
Press: ? - help, Q - select action, (/) - cycle Dir - look around, f - activate You conjure some foxfire!
The orc priest hits you but does no damage.
The orc warrior hits you with a +0 mace!
* * * LOW HITPOINT WARNING * * *
You take 8 damage, and have 9/91 hp.
You now have 13/21 mp.
You are confused.
You feel invigorated.
The foxfire hits the orc warrior.
The orc warrior is severely wounded.
The foxfire hits the orc warrior.
The orc warrior is almost dead.
The orc priest hits you but does no damage.
The orc warrior hits you with a +0 mace.
* * * LOW HITPOINT WARNING * * *
You take 1 damage, and have 8/91 hp.
You regained 6 mp, and now have 19/21 mp.
You cannot move. (Use ctrl+direction or * direction to attack without moving.)
You swing at nothing.
The orc priest hits you but does no damage.
The orc warrior barely misses you.
You regained 4 hp, and now have 12/91 hp.
MP restored: 21 You hit the orc warrior.
The orc warrior is almost dead.
The orc priest barely misses you.
The orc warrior hits you but does no damage.
You regained 3 hp, and now have 15/91 hp.
You swing at nothing.
The orc priest hits you but does no damage.
The orc warrior hits you with a +0 mace!
* * * LOW HITPOINT WARNING * * *
You take 9 damage, and have 6/91 hp.
You closely miss the orc warrior.
The orc warrior is almost dead.
The orc priest hits you with a +0 hand axe.
* * * LOW HITPOINT WARNING * * *
The orc warrior hits you with a +0 mace!
You die...

#..#.......##.........)..# #.
...##......##............########
...####....##.............##..#..
<....#....................##.....
#......#..............#....##..##
##).#.##.#...8........##...##..#.
###)###...............#......)##.
#...##.#........)o...###......##.
................♣o#..)....[...#..
..)..................##.#........
#..........8.8........###.....#..
......................#####.###..
))....[....8........#...###.#.#..
..................#.#....#.......
####............###..#.....#.#...
.##.........###.####.##....####.#
............# #.#.##.#.#.#.......


You could see an orc warrior and an orc priest.

Vanquished Creatures
  A two-headed ogre (D:6)
  Pikel (D:5)
  Maggie (D:5)
  An unseen horror (D:6)
  A komodo dragon (D:6)
  Prince Ribbit (D:7)
  A shadow (D:7)
  2 steam dragons (D:7)
  2 water moccasins (D:6)
  An ice beast (D:6)
  4 black bears
  2 ogres (D:6)
  A necrophage (D:6)
  A centaur (D:6)
  A phantom (D:5)
  A lemure (D:5)
  A kobold brigand (D:6)
  A scorpion (D:5)
  A water moccasin skeleton (D:6)
  A howler monkey (D:4)
  A centaur zombie (D:7)
  2 gnoll shamans (D:7)
  2 hounds
  An orc priest (D:7)
  2 centaur skeletons
  3 iguanas
  A killer bee zombie (D:6)
  A hound skeleton (D:5)
  A howler monkey zombie (D:7)
  8 mummies (Ossuary)
  10 adders
  8 gnolls (D:7)
  2 shadow imps (D:5)
  2 white imps
  An adder skeleton (D:5)
  3 dart slugs
  2 orcs
  13 endoplasms
  5 giant cockroaches
  5 goblins
  5 hobgoblins
  2 quokkas
  7 ball pythons
  5 bats
  A gnoll zombie (Ossuary)
  A hobgoblin zombie (Ossuary)
  12 kobolds
  A kobold zombie (Ossuary)
  5 orc zombies (Ossuary)
  6 rats
144 creatures vanquished.

Vanquished Creatures (others)
  268 foxfires
268 creatures vanquished.

Grand Total: 412 creatures vanquished

Notes
Turn   | Place    | Note
-------+----------+-------------------------------------------
     0 | D:1      | gimp the Tengu Wanderer began the quest for the Orb.
     0 | D:1      | gimp set off with the following items: a +0 hand crossbow,
                  | a phial of floods, 22 bolts, 11 poisoned darts, a +0
                  | dagger, a +0 leather armour
     0 | D:1      | Reached XP level 1. HP: 12/12 MP: 2/2
   291 | D:1      | Reached XP level 2. HP: 17/17 MP: 3/3
   591 | D:1      | Reached skill level 1 in Spellcasting
   745 | D:1      | Reached XP level 3. HP: 21/21 MP: 5/5
  1736 | D:2      | Reached XP level 4. HP: 8/26 MP: 7/7
  2172 | D:3      | Found a faded altar of an unknown god.
  2322 | D:3      | You fall into a shaft and drop 1 floor!
  2353 | D:4      | Reached skill level 1 in Dodging
  2415 | D:4      | Noticed Menkaure
  2447 | D:5      | Entered Level 5 of the Dungeon
  2447 | D:5      | Noticed a black bear
  2463 | D:5      | Killed a black bear
  2464 | D:5      | Gained mutation: Your magical nature lets you fly swiftly
                  | and evasively. [Tengu growth]
  2464 | D:5      | Reached XP level 5. HP: 12/32 MP: 9/9
  2558 | D:5      | Found a sand-covered staircase.
  2595 | D:5      | Reached XP level 6. HP: 29/37 MP: 11/11
  2599 | Ossuary  | Entered an ossuary
  2734 | Ossuary  | Gained mutation: You have hidden genetic potential. [potion
                  | of mutation]
  3071 | D:5      | Found a staircase to the Ecumenical Temple.
  3083 | Temple   | Entered the Ecumenical Temple
  3238 | Temple   | Became a worshipper of Vehumet
  3467 | D:5      | Reached XP level 7. HP: 22/41 MP: 13/13
  3690 | D:4      | Gained mutation: You are robust. (+10% HP) [hidden
                  | potential]
  4572 | D:5      | Reached skill level 5 in Dodging
  5020 | D:6      | Noticed a two-headed ogre
  5031 | D:6      | Killed a two-headed ogre
  5032 | D:6      | Reached XP level 8. HP: 48/50 MP: 14/18
  5047 | D:5      | Gained mutation: You possess an exceptional clarity of
                  | mind. [hidden potential]
  5047 | D:5      | Lost mutation: You have hidden genetic potential. [hidden
                  | potential expressed]
  5176 | D:6      | Reached * piety under Vehumet
  5176 | D:6      | Offered knowledge of Foxfire by Vehumet.
  5195 | D:5      | Learned a level 1 spell: Foxfire
  5256 | D:6      | Found a shimmering blue altar of Sif Muna.
  5260 | D:6      | Noticed Maggie
  5287 | D:5      | Killed Maggie
  5288 | D:5      | Reached skill level 2 in Conjurations
  5288 | D:5      | Reached XP level 9. HP: 24/55 MP: 20/20
  5463 | D:6      | Noticed Pikel
  5509 | D:5      | Killed Pikel
  5510 | D:5      | Reached skill level 4 in Conjurations
  5736 | D:6      | Reached skill level 5 in Conjurations
  6093 | D:6      | Reached skill level 6 in Conjurations
  6138 | D:6      | Reached skill level 5 in Armour
  6505 | D:6      | Reached skill level 7 in Conjurations
  6689 | D:6      | Noticed a komodo dragon
  6952 | D:6      | Killed a komodo dragon
  6953 | D:6      | Reached skill level 8 in Conjurations
  6953 | D:6      | Reached XP level 10. HP: 61/61 MP: 21/21
  7205 | D:6      | Killed an unseen horror
  7205 | D:6      | Offered knowledge of Scorch by Vehumet.
  7206 | D:6      | Reached skill level 9 in Conjurations
  7209 | D:6      | Learned a level 2 spell: Scorch
  7412 | D:7      | Reached ** piety under Vehumet
  7784 | D:7      | Noticed Prince Ribbit
  7788 | D:7      | Killed Prince Ribbit
  7789 | D:7      | Reached skill level 10 in Conjurations
  7900 | D:7      | Found a bloodstained altar of Trog.
  8042 | D:7      | Identified the +3 scale mail "Radefrecs" {*Slow Dex+6}
  8464 | D:7      | Slain by an orc warrior

Illustrated notes

Levels and vault maps discovered:
D:1:      saegor_arrival_fortress, layout_basic, chequers_serial_rivers_marsh
D:2:      layout_basic
D:3:      layout_rooms, chequers_ecumenical_altar_simple_redux
D:4:      layout_loops_cross, uniq_menkaure
D:5:      layout_loops_ring, minmay_temple_entry_butterflies,
          nicolae_ossuary_entry_monument, eino_tiny_chamber, minivault_14
D:6:      minmay_thick_lines, layout_basic, amcnicky_altar_gilded, uniq_maggie,
          uniq_pikel
D:7:      layout_cave_pools, nicolae_overflow_crystal_walls,
          serial_column_ruins, column_ruins_grid_2, column_ruins_grid_1,
          column_ruins_grid_1, column_ruins_open_tiny, minmay_fountain_box,
          uniq_prince_ribbit1
D:8:      layout_rooms, serial_shops, shop, the_hattery, uniq_joseph
Temple:   regret_index_temple_chain_breaker

Skill      XL: |  1  2  3  4  5  6  7  8  9 10 |
---------------+-------------------------------+-----
Spellcasting   | 1 2 3 6 7 |  7.0
Throwing       | 4 |  4.3
Dodging        | 2 4 6 |  6.0
Fighting       | 3 |  3.0
Armour         | 2 3 5 6 |  6.0
Conjurations   | 2 8 10 | 10.7
Fire Magic     | 2 4 |  4.0
Crossbows      | |  1.1
Evocations     | |  4.0

Action                   |  1- 3 |  4- 6 |  7- 9 | 10-12 || total
-------------------------+-------+-------+-------+-------++-------
Melee: Dagger            |    11 |   118 |    98 |    21 ||   248
       Peck              |     5 |    21 |    17 |     4 ||    47
       Kick              |     1 |    40 |    29 |     7 ||    77
       Punch             |       |       |     2 |       ||     2
 Fire: Hand crossbow     |    69 |       |       |       ||    69
Throw: Dart              |     3 |     5 |    24 |       ||    32
 Cast: Foxfire           |       |       |    68 |    86 ||   154
       Scorch            |       |       |       |     1 ||     1
Evoke: Phial of floods   |     1 |     1 |     1 |     1 ||     4
       Wand              |       |       |     4 |     3 ||     7
  Use: Scroll            |       |     7 |     8 |     1 ||    16
       Potion            |       |     3 |     1 |     2 ||     6
 Stab: Paralysed         |       |       |    10 |     5 ||    15
Armor: Leather armour    |     7 |    34 |    24 |       ||    65
       Steam dragon scal |       |       |    16 |    30 ||    46
       Skin              |       |       |       |     9 ||     9
Dodge: Dodged            |    27 |    68 |   107 |    64 ||   266

Table legend: (Time is in decaauts)
 A = Elapsed time spent in this place.
 B = Non-inter-level travel time spent in this place.
 C = Inter-level travel time spent in this place.
 D = Time resting spent in this place.
 E = Time spent auto-exploring this place.
 F = Levels seen in this place.
 G = Mean time per level.
                   A        B        C        D        E       F      G
               +--------+--------+--------+--------+--------+-----+--------+
         Total |   8205 |   7871 |    334 |    748 |   5484 |  10 |  820.5 |
       Dungeon |   7600 |   7297 |    303 |    717 |   5136 |   8 |  950.0 |
        Temple |    153 |    122 |     31 |      0 |    104 |   1 |  153.0 |
       Ossuary |    450 |    450 |      0 |     31 |    243 |   1 |  450.0 |
               +--------+--------+--------+--------+--------+-----+--------+

Top non-repeatable levels by time:
     D:5: 1863 daAuts
     D:6: 1470 daAuts
     D:7: 1129 daAuts
     D:1: 1129 daAuts
     D:2: 1029 daAuts
     D:4: 497 daAuts
     D:3: 474 daAuts
 Ossuary: 450 daAuts
  Temple: 153 daAuts
     D:8: 6 daAuts
